 Dungeon Crawl Stone Soup version 0.30-a0-187-gd9c2deaf24 (webtiles) character file.

Game seed: 16100067642388162772

42696 Pooter the Severer (level 13, -8/192 HPs)
             Began as a Minotaur Berserker on Oct 4, 2022.
             Was an Elder of Trog.
             Mangled by Sonja
             ... wielding a +0 short sword of distortion
              (25 damage)
             ... on level 5 of the Lair of Beasts.
             The game lasted 01:20:56 (16263 turns).

Pooter the Severer (Minotaur Berserker)            Turns: 16263, Time: 01:20:57

Health: -8/192     AC: 24    Str: 26    XL:     13   Next: 86%
Magic:  13/13      EV:  8    Int:  4    God:    Trog [****..]
Gold:   364        SH:  0    Dex: 11    Spells: 12/12 levels left

rFire   x . .      SeeInvis .    a - +6 battleaxe (freeze)
rCold   + . .      Faith    .    (shield currently unavailable)
rNeg    + + .      Spirit   .    G - +2 plate armour "Rast" {-Cast Harm rF- rN+ Regen+}
rPois   .          Reflect  .    (helmet restricted)
rElec   .          Harm     +    z - +1 cloak
rCorr   .          Rampage  .    u - +0 pair of gloves
Will    .....      NoCast   +    f - +2 pair of boots
Stlth   ..........               j - amulet of regeneration
HPRegen 2.12/turn                N - ring of positive energy
MPRegen 0.13/turn                I - ring of protection from cold

@: berserking, slowed
A: horns 2, retaliatory headbutt, high MP 1, robust 1, wild magic 1
a: Renounce Religion, Berserk, Trog's Hand, Brothers in Arms


You were on level 5 of the Lair of Beasts.
You worshipped Trog.
Trog was greatly pleased with you.
You visited 2 branches of the dungeon, and saw 16 of its levels.
You also visited: Sewer.

You collected 1124 gold pieces.
You spent 760 gold pieces at shops.

Inventory:

Hand Weapons
 a - a +6 battleaxe of freezing (weapon)
   (You took it off a wight on level 10 of the Dungeon)
 b - a +6 arbalest
   (You bought it in a shop on level 2 of the Dungeon)
 c - a +0 hand axe
 B - a +2 spear of flaming
   (You took it off a gnoll on level 5 of the Dungeon)
 F - a +2 trident of venom
   (You took it off a gnoll sergeant on level 9 of the Dungeon)
 T - a +1 war axe
   (You found it on level 5 of the Dungeon)
Missiles
 m - 2 javelins
 r - 52 poisoned darts (quivered)
 s - 3 curare-tipped darts
 C - 4 boomerangs
 Q - 132 stones
Armour
 f - a +2 pair of boots (worn)
   (You found it on level 1 of the Dungeon)
 h - a +0 kite shield
   (You found it on level 1 of the Dungeon)
 q - a +0 plate armour
   (You found it on level 4 of the Dungeon)
 u - a +0 pair of gloves (worn)
   (You found it on level 4 of the Dungeon)
 z - a +1 cloak (worn)
   (You found it on level 4 of the Dungeon)
 A - a scarf of invisibility
   (You found it on level 10 of the Dungeon)
 G - the +2 plate armour "Rast" (worn) {-Cast Harm rF- rN+ Regen+}
   (You found it on level 5 of the Dungeon)

   rF:        It makes you vulnerable to fire.
   rN:        It protects you from negative energy.
   -Cast:     It prevents spellcasting.
   Regen:     It increases your rate of health regeneration.
   Harm:      It increases damage dealt and taken.
Jewellery
 j - an amulet of regeneration (around neck)
   (You found it on level 7 of the Dungeon)
 I - a ring of protection from cold (right hand)
   (You found it on level 7 of the Dungeon)
 N - a ring of positive energy (left hand)
   (You found it on level 5 of the Dungeon)
 O - an amulet of the acrobat
   (You found it on level 9 of the Dungeon)
 R - a +4 ring of protection
   (You took it off a centaur on level 9 of the Dungeon)
Wands
 p - a wand of charming (17)
   (You found it on level 4 of the Dungeon)
 w - a wand of polymorph (4)
   (You took it off Ijyb on level 4 of the Dungeon)
 D - a wand of digging (1)
   (You found it on level 4 of the Lair of Beasts)
 H - a wand of roots (27)
   (You found it on level 5 of the Dungeon)
Scrolls
 d - 3 scrolls of poison {!r}
 o - a scroll of fear
 t - 8 scrolls of teleportation {@r4}
 v - 8 scrolls of immolation {!r}
 y - a scroll of blinking
 J - 3 scrolls of butterflies
 K - 2 scrolls of magic mapping
 V - a scroll of summoning
Potions
 e - 3 potions of flight
 g - 4 potions of haste {@q3}
 k - 4 potions of attraction {!q}
 l - 6 potions of heal wounds {@q2}
 n - 4 potions of resistance
 x - a potion of experience {unknown}
 E - 3 potions of might
 L - a potion of curing {@q1}
 M - a potion of invisibility {unknown}
 P - a potion of berserk rage {unknown}
 S - a potion of lignification {unknown}
 W - 2 potions of ambrosia
 X - 3 potions of mutation {!q}
Miscellaneous
 i - a box of beasts
   (You found it on level 4 of the Lair of Beasts)
 U - a phial of floods
   (You found it on level 10 of the Dungeon)
 Y - a condenser vane (inert)
   (You found it on level 2 of the Lair of Beasts)


   Skills:
 + Level 11.9 Fighting
 * Level 16.1(16.3) Axes
 - Level 4.2(11.3) Polearms
 * Level 13.4 Ranged Weapons
 + Level 11.2 Armour
 - Level 2.1 Dodging
 - Level 4.0 Shields
 + Level 7.9 Evocations


You had 12 spell levels left.
You didn't know any spells.
Your spell library was empty.

Dungeon Overview and Level Annotations

Branches:
Dungeon (11/15)            Temple (0/1) D:6            Lair (5/5) D:11
 Shoals (0/4) Lair:2       Spider (0/4) Lair:3        Slime (0/5) Lair:4
  Sewer (visited)
    Orc: D:9-12

Altars:
Ashenzari
Cheibriados
Elyvilon
Fedhas
Hepliaklqana
Okawaru
Uskayaw
Wu Jian
Jiyva

Shops:
D:2 !(   D:10 (

Annotations:
D:3 3 runed translucent doors, billz999's ghost, weakling TrMo
D:7 3 runed translucent doors, IdlyInterested's ghost, novice DsWn; purpskrrrp's ghost, journeyman FoHu; ragingrage's ghost, novice TrFi; zishaf's ghost, novice VSBr
Lair:2 2 transporters, trckry's ghost, journeyman FoEE
Lair:5 Sonja


Innate Abilities, Weirdness & Mutations

You have a pair of horns on your head.
You reflexively headbutt those who attack you in melee.
You have an increased reservoir of magic. (+10% MP)
You are robust. (+10% HP)
Your spells are a little harder to cast, but a little more powerful.


Message History

* * * LOW HITPOINT WARNING * * *
You feel yourself slow down.
Blink to where?
As you read the scroll of blinking, it crumbles to dust.
You feel very sick.
You feel better.
Aim: a komodo dragon (chance to affect: 50%)
The komodo dragon resists with some effort.
Aim: a komodo dragon (chance to affect: 50%)
The komodo dragon resists with some effort.
Aim: a komodo dragon The roots erupt in riotous growth!
Roots grab the komodo dragon.
Roots grab the plant.
The azure jelly is unaffected.
The grasping roots constrict the plant!
The plant begins to die.
The grasping roots constrict the komodo dragon!
The komodo dragon struggles to escape constriction.
The komodo dragon escapes!
Okay, then.
Clouds of poison gas condense around you!
The condenser dries out!
The grasping roots constrict the plant.
The roots release their grip on the plant.
Sonja is engulfed in poison gas.
Sonja is poisoned.
The water moccasin bites the plant.
The komodo dragon is engulfed in poison gas.
The komodo dragon is poisoned.
The komodo dragon bites you!
Sonja looks even sicker.
Your +6 battleaxe of freezing glows with a cold blue light!
a - a +6 battleaxe of freezing (weapon)
The komodo dragon is engulfed in poison gas.
The komodo dragon looks even sicker.
The komodo dragon bites you!
* * * LOW HITPOINT WARNING * * *
Sonja is engulfed in poison gas.
Sonja looks even sicker.
Sonja hits you but does no damage. Space warps horribly around you!!
* * * LOW HITPOINT WARNING * * *
Sonja hits you but does no damage. Space warps horribly around you.
* * * LOW HITPOINT WARNING * * *
Sonja completely misses you.
A red film seems to cover your vision as you go berserk!
You feel yourself moving faster!
You feel mighty!
A nearby plant withers and dies.
Sonja is engulfed in poison gas.
Sonja looks as sick as possible!
Sonja hits you but does no damage. Space warps horribly around you!
* * * LOW HITPOINT WARNING * * *
Sonja hits you with a +0 short sword of distortion.
* * * LOW HITPOINT WARNING * * *
Space warps horribly around you!!
You die...

.... ## ####... . #.#P........
#........$. #..#...#.##.
##.......... #........# ..#
#PSK@#...# #... ###§§lJ#...#...##
##.§§§#§....#....#
#.#§J§§§#........
##..§§.#§..#...# ..
###.#.J§.#.......#...#
#######...##§...#.#.####... ####
.#.#...P.P.§§.............###..#.
.................................


You could see an azure jelly, a large slime creature, a komodo dragon (very
poisoned), Sonja (extremely poisoned), a water moccasin and a jelly.

Vanquished Creatures
  Snorg (Lair:5)
  Josephine (Lair:4)
  2 hydras
  6 death yaks
  A boulder beetle (Lair:3)
  A lindwurm (Lair:5)
  An oklob plant (Lair:4)
  A manticore (D:11)
  A merfolk siren (Lair:2)
  10 elephants
  7 black mambas
  12 cane toads
  2 torpor snails
  7 komodo dragons
  Psyche (D:8)
  2 trolls
  A merfolk (Lair:2)
  3 polar bears
  5 slime creatures (D:7)
  A meliai (Lair:3)
  2 shadows
  47 yaks
  7 wraiths
  5 wyverns
  A fire bat (D:7)
  3 basilisks
  4 steam dragons
  Grum (D:8)
  8 vampire mosquitoes (D:11)
  2 acid dragons
  17 water moccasins
  4 orc warriors
  A sky beast (D:4)
  4 black bears
  4 ogres
  9 wolves
  8 centaurs
  3 phantoms (D:4)
  6 kobold brigands
  A gnoll sergeant (D:9)
  16 bullfrogs
  5 necrophages
  2 scorpions
  6 wights
  25 killer bees
  5 howler monkeys
  4 electric eels
  3 hounds
  2 jellies
  8 orc priests
  2 gnoll boudas
  Ijyb (D:4)
  10 iguanas
  6 orc wizards
  8 gnolls
  2 river rats (Sewer)
  11 adders
  A shadow imp (D:6)
  A white imp (D:4)
  An ufetubus (D:5)
  4 worms
  2 dart slugs
  18 orcs
  8 endoplasms
  5 giant cockroaches
  5 goblins
  8 hobgoblins
  4 quokkas
  7 ball pythons
  3 bats
  A frilled lizard (D:3)
  26 kobolds
  10 rats
423 creatures vanquished.

Vanquished Creatures (others)
  A centaur (D:11)
  A kobold (D:7)
  15 fungi
  22 plants
  2 withered plants (D:7)
41 creatures vanquished.

Grand Total: 464 creatures vanquished

Notes
Turn   | Place    | Note
-------+----------+-------------------------------------------
     0 | D:1      | Pooter the Minotaur Berserker began the quest for the Orb.
     0 | D:1      | Reached XP level 1. HP: 19/19 MP: 0/0
   107 | D:1      | Reached skill level 4 in Axes
   129 | D:1      | Reached XP level 2. HP: 23/27 MP: 1/1
   204 | D:1      | Reached skill level 1 in Polearms
   844 | D:2      | Found Meoxtary's Antique Weapon Boutique.
  1014 | D:2      | Reached XP level 3. HP: 33/33 MP: 2/2
  1144 | D:2      | Found Rotaco Kani's Distillery.
  1230 | D:2      | Found a faded altar of an unknown god.
  1750 | D:3      | Reached skill level 1 in Shields
  1767 | D:3      | Reached XP level 4. HP: 40/40 MP: 3/3
  1874 | D:3      | Found a white marble altar of Elyvilon.
  1949 | D:3      | Found a runed translucent gate.
  1949 | D:3      | Found a runed translucent gate.
  1949 | D:3      | Found a runed translucent gate.
  1966 | D:3      | Noticed an ogre
  1971 | D:3      | Killed an ogre
  1972 | D:3      | Reached skill level 5 in Axes
  1972 | D:3      | Reached XP level 5. HP: 47/47 MP: 4/4
  2228 | D:3      | Noticed billz999's ghost (weakling TrMo)
  2516 | D:4      | Reached ** piety under Trog
  2687 | D:4      | Reached XP level 6. HP: 51/55 MP: 5/5
  2701 | D:4      | Found a broken altar of Ashenzari.
  2831 | D:4      | Reached skill level 5 in Fighting
  2831 | D:4      | Reached skill level 6 in Axes
  3047 | D:4      | Noticed Ijyb
  3058 | D:4      | Killed Ijyb
  3159 | D:4      | Reached XP level 7. HP: 61/61 MP: 6/6
  3212 | D:4      | Reached skill level 7 in Axes
  3258 | D:4      | Reached skill level 1 in Evocations
  3541 | D:2      | Bought a glowing arbalest for 180 gold pieces
  3669 | D:4      | Found an ornate altar of the Wu Jian Council.
  3669 | D:4      | Found a hazy altar of Hepliaklqana.
  3841 | D:5      | Entered Level 5 of the Dungeon
  3857 | D:5      | Reached skill level 1 in Ranged Weapons
  3929 | D:5      | Reached XP level 8. HP: 70/70 MP: 7/7
  3989 | D:5      | Found a glowing drain.
  3993 | Sewer    | Entered a sewer
  4077 | Sewer    | Reached skill level 8 in Axes
  4377 | D:5      | Identified the +2 plate armour "Rast" {-Cast Harm rF- rN+
                  | Regen+}
  4967 | D:2      | Bought a potion of curing for 30 gold pieces
  4967 | D:2      | Bought a potion of heal wounds for 50 gold pieces
  5033 | D:6      | Reached skill level 5 in Armour
  5080 | D:6      | Found a staircase to the Ecumenical Temple.
  5189 | D:6      | Reached skill level 9 in Axes
  5189 | D:6      | Reached XP level 9. HP: 78/78 MP: 8/8
  5364 | D:6      | Found a blossoming altar of Fedhas.
  5468 | D:6      | Reached *** piety under Trog
  5590 | D:6      | Found an iron altar of Okawaru.
  5756 | D:2      | Bought a potion of degeneration for 10 gold pieces
  5907 | D:7      | Reached skill level 5 in Ranged Weapons
  6043 | D:7      | Reached skill level 10 in Axes
  6525 | D:7      | Reached XP level 10. HP: 85/88 MP: 9/9
  6596 | D:7      | Found a runed translucent gate.
  6596 | D:7      | Found a runed translucent gate.
  6597 | D:7      | Found a runed translucent gate.
  6597 | D:7      | Noticed zishaf's ghost (novice VSBr)
  6597 | D:7      | Noticed ragingrage's ghost (novice TrFi)
  6597 | D:7      | Noticed purpskrrrp's ghost (journeyman FoHu)
  6598 | D:7      | Noticed IdlyInterested's ghost (novice DsWn)
  7179 | D:8      | Noticed Psyche
  7194 | D:8      | Killed Psyche
  7749 | D:8      | Reached skill level 11 in Axes
  7891 | D:2      | Bought a potion of resistance for 100 gold pieces
  8013 | D:8      | Gained mutation: Potions are less effective at restoring
                  | your health. [potion of mutation]
  8013 | D:8      | Gained mutation: You are dopey. (Int -2) [potion of
                  | mutation]
  8014 | D:8      | Lost mutation: You are dopey. (Int -2) [potion of mutation]
  8014 | D:8      | Lost mutation: Potions are less effective at restoring your
                  | health. [potion of mutation]
  8014 | D:8      | Gained mutation: Armour fits poorly on your strangely
                  | shaped body. [potion of mutation]
  8015 | D:8      | Lost mutation: Armour fits poorly on your strangely shaped
                  | body. [potion of mutation]
  8015 | D:8      | Gained mutation: You are strong-willed. (Will+) [potion of
                  | mutation]
  8015 | D:8      | Gained mutation: Your spells are a little easier to cast,
                  | but a little less powerful. [potion of mutation]
  8015 | D:8      | Gained mutation: Your mind is acute. (Int +4, Str/Dex -1)
                  | [potion of mutation]
  8016 | D:8      | Lost mutation: Your spells are a little easier to cast, but
                  | a little less powerful. [potion of mutation]
  8016 | D:8      | Lost mutation: Your mind is acute. (Int +4, Str/Dex -1)
                  | [potion of mutation]
  8016 | D:8      | Lost mutation: You are strong-willed. (Will+) [potion of
                  | mutation]
  8016 | D:8      | Gained mutation: You have a pair of large horns on your
                  | head. [potion of mutation]
  8016 | D:8      | Gained mutation: You occasionally lose the ability to drink
                  | potions when taking damage. [potion of mutation]
  8058 | D:8      | Noticed Grum
  8064 | D:8      | Killed Grum
  8074 | D:8      | Reached **** piety under Trog
  8418 | D:8      | Lost mutation: You occasionally lose the ability to drink
                  | potions when taking damage. [potion of mutation]
  8418 | D:8      | Lost mutation: You have a pair of large horns on your head.
                  | [potion of mutation]
  8418 | D:8      | Gained mutation: You are frail. (-10% HP) [potion of
                  | mutation]
  8418 | D:8      | Lost mutation: You are frail. (-10% HP) [potion of
                  | mutation]
  8418 | D:8      | Gained mutation: You have sharp toenails. [potion of
                  | mutation]
  8703 | D:9      | Found a snail-covered altar of Cheibriados.
  8773 | D:9      | Reached skill level 5 in Evocations
  9022 | D:9      | Reached XP level 11. HP: 89/95 MP: 10/10
  9202 | D:2      | Bought a potion of haste for 100 gold pieces
  9487 | D:9      | Reached skill level 12 in Axes
  9597 | D:10     | Entered Level 10 of the Dungeon
  9617 | D:10     | Found Unkufoh's Weapon Shoppe.
 10763 | D:11     | Noticed a death yak
 10770 | D:11     | Noticed a death yak
 10795 | D:10     | Killed a death yak
 10824 | D:10     | Killed a death yak
 10825 | D:10     | Reached skill level 13 in Axes
 10835 | D:11     | Noticed a death yak
 10863 | D:10     | Killed a death yak
 10864 | D:10     | Reached skill level 10 in Ranged Weapons
 10888 | D:11     | Reached XP level 12. HP: 97/106 MP: 11/11
 10910 | D:11     | Found a staircase to the Lair.
 11143 | D:2      | Bought a potion of heal wounds for 50 gold pieces
 11143 | D:2      | Bought 2 potions of mutation for 160 gold pieces
 11360 | D:11     | Reached skill level 10 in Fighting
 11731 | Lair:1   | Entered Level 1 of the Lair of Beasts
 12485 | Lair:2   | Reached skill level 14 in Axes
 12854 | D:2      | Bought a potion of mutation for 80 gold pieces
 12854 | D:2      | Lost mutation: You have sharp toenails. [potion of
                  | mutation]
 12854 | D:2      | Gained mutation: You are robust. (+10% HP) [potion of
                  | mutation]
 12854 | D:2      | Gained mutation: You have an increased reservoir of magic.
                  | (+10% MP) [potion of mutation]
 12854 | D:2      | Gained mutation: Your spells are a little harder to cast,
                  | but a little more powerful. [potion of mutation]
 13364 | Lair:2   | Found a staircase to the Shoals.
 13480 | Lair:2   | Found a transporter.
 13613 | Lair:2   | Noticed trckry's ghost (journeyman FoEE)
 13615 | Lair:2   | Found a transporter.
 13839 | Lair:3   | Reached skill level 10 in Armour
 13942 | Lair:3   | Found a hole to the Spider Nest.
 14039 | Lair:3   | Noticed a boulder beetle
 14043 | Lair:3   | Killed a boulder beetle
 14070 | Lair:3   | Reached XP level 13. HP: 126/126 MP: 13/13
 14198 | Lair:3   | Identified the +1 robe of Foolhardiness {Harm Rampage
                  | Dex+7}
 14345 | Lair:3   | Reached skill level 15 in Axes
 14768 | Lair:4   | Noticed Josephine
 14781 | Lair:4   | Killed Josephine
 14876 | Lair:4   | Found a hide-covered altar of Uskayaw.
 15359 | Lair:4   | Found a staircase to the Slime Pits.
 15362 | Lair:4   | Found a viscous altar of Jiyva.
 15611 | Lair:5   | Entered Level 5 of the Lair of Beasts
 15611 | Lair:5   | Noticed Nessos
 15613 | Lair:5   | Nessos changed into Nessos the lindwurm
 15613 | Lair:5   | Noticed Nessos
 15625 | Lair:5   | Killed Nessos the lindwurm
 15703 | Lair:5   | Reached skill level 16 in Axes
 15811 | Lair:5   | Noticed Snorg
 15822 | Lair:5   | Killed Snorg
 15936 | Lair:5   | Noticed Sonja
 16254 | Lair:5   | Noticed an azure jelly
 16263 | Lair:5   | Mangled by Sonja

Illustrated notes

Levels and vault maps discovered:
D:1:      erik_arrival_blinker_ship, layout_basic
D:2:      layout_loops_ring, serial_shops, nicolae_shop_advertising_works
          [nicolae_subvault_shop_adworks], shop,
          shapermc_ecumenical_altar_rom_forum, serial_forest,
          infiniplex_forest_end_2, infiniplex_forest_straight_2,
          infiniplex_forest_lined_room_2, infiniplex_forest_zigzag_1,
          infiniplex_forest_straight_2, infiniplex_forest_straight_3,
          infiniplex_forest_zigzag_1
D:3:      layout_loops_ring, mainiacjoe_overflow_boulevard, gammafunk_ghost_icy
D:4:      cheibrodos_barr_body, layout_loops_ring,
          mainiacjoe_overflow_concentric_impassable,
          gammafunk_temple_overflow_wave, uniq_ijyb
D:5:      layout_basic, gup_sewer_entry_bowl, kennysheep_opposing_triangles
D:6:      layout_basic, okawaru_gym_becter, fedhas_altar_fruit_tree,
          minmay_temple_entry_stoned_glass
D:7:      layout_basic, gammafunk_ghost_cemetery, serial_bayou_ford_a,
          grunt_ministairs_11
D:8:      layout_basic, dreamdust_mushroom_princess, uniq_grum, uniq_psyche
D:9:      layout_roguey, overflow_temple_1_default, skrybe_limestone_x,
          minivault_4, minmay_misc_feat_ornament, onia_ninara_cookie
D:10:     layout_basic, serial_shops, nicolae_shop_window_shopping
D:11:     layout_big_octagon, dpeg_lair_monsters
Lair:1:   layout_cave_pods
Lair:2:   layout_gridlike, elwin_shoals_entry_rooms, gammafunk_ghost_hive,
          grunt_megastairs_2, lemuel_fruit_tree
Lair:3:   layout_hall_layers, hellmonk_spider_entry_not_the_bees, st_stairs_7
Lair:4:   layout_misc_corridors, slime_entry_1, basic_altar, nzn_random_ring,
          uniq_josephine
Lair:5:   evilmike_catoblepas_cave, layout_big_grid, minivault_27, st_stairs_8,
          nicolae_lair_time_for_slime, uniq_snorg, uniq_nessos, uniq_kirke,
          uniq_sonja

Skill      XL: |  1  2  3  4  5  6  7  8  9 10 11 12 13 |
---------------+----------------------------------------+-----
Axes           | 4 5 6 7 9 10 11 13 14 16 | 16.1
Polearms       | 1 2 3 4 |  4.2
Fighting       | 4 5 6 7 8 9 10 11 | 11.9
Shields        | 1 2 3 4 |  4.0
Armour         | 3 4 5 6 7 9 10 11 | 11.2
Evocations     | 1 2 4 5 6 7 |  7.9
Ranged Weapons | 1 4 6 8 10 11 13 | 13.4
Dodging        | |  2.1

Action                   |  1- 3 |  4- 6 |  7- 9 | 10-12 | 13-15 || total
-------------------------+-------+-------+-------+-------+-------++-------
Melee: Trident           |    85 |    65 |    79 |       |       ||   229
       Headbutt          |    11 |    10 |    18 |    43 |    25 ||   107
       Hand axe          |     3 |       |       |       |       ||     3
       War axe           |       |       |    54 |   119 |       ||   173
       Punch             |       |       |     1 |     1 |       ||     2
       Battleaxe         |       |       |       |   147 |   102 ||   249
 Fire: Arbalest          |       |       |   164 |   221 |    78 ||   463
Throw: Javelin           |       |     2 |     2 |       |       ||     4
       Stone             |       |    22 |       |       |       ||    22
       Dart              |       |       |       |     5 |       ||     5
Invok: Berserk           |     1 |     4 |     7 |     5 |     4 ||    21
       Trog's Hand       |       |     1 |     2 |    16 |     7 ||    26
Evoke: Wand              |       |       |       |     6 |     5 ||    11
       Condenser vane    |       |       |       |       |     1 ||     1
  Use: Scroll            |     4 |     1 |     5 |    14 |     4 ||    28
       Potion            |       |       |       |     6 |     1 ||     7
 Stab: Sleeping          |     1 |       |       |       |       ||     1
Armor: Animal skin       |    19 |     3 |       |       |       ||    22
       Plate armour      |       |    16 |   189 |   305 |   136 ||   646
Dodge: Dodged            |    34 |     9 |    87 |   186 |    69 ||   385
Block: Kite shield       |     7 |    10 |    18 |       |       ||    35

Table legend: (Time is in decaauts)
 A = Elapsed time spent in this place.
 B = Non-inter-level travel time spent in this place.
 C = Inter-level travel time spent in this place.
 D = Time resting spent in this place.
 E = Time spent auto-exploring this place.
 F = Levels seen in this place.
 G = Mean time per level.
                   A        B        C        D        E       F      G
               +--------+--------+--------+--------+--------+-----+--------+
         Total |  17030 |  14976 |   2054 |   2321 |   9415 |  17 | 1001.8 |
       Dungeon |  12317 |  10405 |   1912 |   1771 |   6370 |  11 | 1119.7 |
          Lair |   4317 |   4175 |    142 |    550 |   2794 |   5 |  863.4 |
         Sewer |    396 |    396 |      0 |      0 |    251 |   1 |  396.0 |
               +--------+--------+--------+--------+--------+-----+--------+

Top non-repeatable levels by time:
     D:7: 1591 daAuts
     D:4: 1517 daAuts
  Lair:4: 1314 daAuts
     D:8: 1222 daAuts
     D:5: 1156 daAuts
     D:3: 1117 daAuts
     D:2: 1102 daAuts
    D:10: 1085 daAuts
  Lair:2: 1000 daAuts
     D:6: 907 daAuts
     D:9: 898 daAuts
    D:11: 895 daAuts
  Lair:3: 874 daAuts
     D:1: 822 daAuts
  Lair:1: 802 daAuts
